 Dungeon Crawl Stone Soup version 0.31-a0-214-gb37851dbb3 (webtiles) character file.

Game seed: 1433533079114328238

141 qw the Chopper (level 5, 0/32 HPs)
             Began as a Gargoyle Fighter on July 1, 2023.
             Slain by an ogre
             ... wielding a +0 giant club
              (25 damage)
             ... on level 4 of the Dungeon.
             The game lasted 00:00:57 (2388 turns).

qw the Chopper (Gargoyle Fighter)                   Turns: 2388, Time: 00:00:58

Health: 0/32       AC: 16    Str: 21    XL:     5   Next: 24%
Magic:  5/5        EV:  5    Int:  9    God:
Gold:   89         SH:  4    Dex:  9    Spells: 4/4 levels left

rFire   + . .        Y - +0 war axe
rCold   + . .        c - +0 buckler
rNeg    + . .        p - +0 plate armour
rPois   inf          (no helmet)
rElec   +            f - scarf {rC+ rF+}
rCorr   .            (no gloves)
SInv    .            g - +0 pair of boots
Will    .....        (no amulet) Stlth
                     (no ring)
HPRegen 0.25/turn    (no ring)
MPRegen 0.09/turn

%: no passive effects
@: no status effects
A: sickness immunity, AC +4, negative energy resistance 1, electricity
resistance, torment resistance 1, petrification resistance
a: no special abilities


You were on level 4 of the Dungeon.
You visited 1 branch of the dungeon, and saw 4 of its levels.

You collected 89 gold pieces.


Innate Abilities, Weirdness & Mutations

You are immune to sickness and miasma.
Your stone body is resilient. (AC +4)
You are immune to poison.
You resist negative energy. (rN+)
You are resistant to electric shocks. (rElec)
You are resistant to unholy torment.
You are immune to petrification.


   Skills:
 - Level 3.2 Fighting
 + Level 4.8 Axes
 - Level 3.2 Armour
 - Level 3.2 Shields


You had 4 spell levels left.
You didn't know any spells.
Your spell library was empty.

Inventory:

Hand Weapons
 n - a +0 morningstar
 Y - a +0 war axe (weapon)
Armour
 c - a +0 buckler (worn)
 f - a scarf of resistance (worn)
 g - a +0 pair of boots (worn)
 p - a +0 plate armour (worn)
Scrolls
 a - a scroll of identify
Potions
 d - 2 potions of might
 h - a potion of curing {unknown}
 i - a potion of resistance
 j - a potion of cancellation
 k - a potion of attraction {unknown}
 m - a potion of brilliance {unknown}
 o - a potion of haste {unknown}

Dungeon Overview and Level Annotations

Branches:
Dungeon (4/15)
 Temple: D:4-7

Altars:
Gozag

Annotations:
D:2 1 runed translucent door, Crazy Yiuf
D:4 Grinder


Message History

The kobold shouts!
The kobold throws a stone.
The stone hits you but does no damage.
You slash the kobold!
You kill the kobold!
You now have 89 gold pieces (gained 5).
Grinder comes into view.
She is carrying a wand of flame (8).
Grinder shouts!
Grinder blinks!
An ogre comes into view. It is wielding a +0 giant club.
Found a hand axe.
You hit Grinder.
Grinder is lightly wounded.
Grinder hits you but does no damage.
Grinder zaps a wand.
You block the puff of flame.
You slash Grinder!
Grinder is moderately wounded.
Grinder gestures at you.
You suddenly lose the ability to move!
Grinder zaps a wand.
The puff of flame hits you but does no damage.
The ogre hits you with a +0 giant club! Grinder gestures at you.
You resist with significant effort.
You can move again.
You slash Grinder!
Grinder is heavily wounded.
You hit the ogre.
Grinder says, "You look like you could use a good racking."
Grinder hits you but does no damage. The ogre hits you with a +0 giant club!
2386 ||| DRINKING potion of heal wounds.
You feel much better.
Grinder blinks!
You hit the ogre but do no damage.
The ogre is lightly wounded.
The ogre hits you with a +0 giant club.
You barely miss the ogre.
The ogre is lightly wounded.
The ogre hits you with a +0 giant club!!
Ouch! That really hurt!
You die...

.............. ....
#............. .)..
.#............ .....
......>.#...##....#
##............$....
.#.......##..#......
.......).....O......
.#..........@?......
...................#
.#.#................
...................#
.#.#.##..##.##...5.#
.................!..
.....###.##.###.....
........<)..........
####.###........


You could see Grinder and an ogre.

Vanquished Creatures
  Jessica (D:2)
  Natasha (thrice) (D:3)
  An orc (D:3)
  6 endoplasms
  3 giant cockroaches (D:1)
  3 goblins
  5 hobgoblins (D:1)
  4 jackals (D:1)
  A quokka (D:1)
  3 ball pythons
  5 frilled lizards
  3 kobolds
  5 rats
43 creatures vanquished.

Notes
Turn   | Place    | Note
-------+----------+-------------------------------------------
     0 | D:1      | qw the Gargoyle Fighter began the quest for the Orb.
     0 | D:1      | Reached XP level 1. HP: 14/14 MP: 1/1
     0 | D:1      | 0 ||| qw: Version: 0.3-a-32-g5962c71
     0 | D:1      | 0 ||| qw: Game counter: 7495
     0 | D:1      | 0 ||| qw: Melee chars always use a shield: true
     0 | D:1      | 0 ||| qw: God list: Okawaru
     0 | D:1      | 0 ||| qw: Allow faded altars: false
     0 | D:1      | 0 ||| qw: Do Orc after clearing Dungeon:15 true
     0 | D:1      | 0 ||| qw: Do second Lair branch before Depths: true
     0 | D:1      | 0 ||| qw: Lair rune preference: random
     0 | D:1      | 0 ||| qw: Goals: Normal, Zot:1-4, Slime:5, God:TSO, Crypt,
                  | Tomb, Abyss, Pan, Hells, Win
     0 | D:1      | 0 ||| PLANNING D:1-11
    40 | D:1      | Reached skill level 2 in Axes
    64 | D:1      | Reached XP level 2. HP: 9/19 MP: 2/2
   128 | D:1      | 128 ||| Stepping ~*~*~tactically~*~*~ (stealth).
   130 | D:1      | 130 ||| Stepping ~*~*~tactically~*~*~ (stealth).
   131 | D:1      | 131 ||| Stepping ~*~*~tactically~*~*~ (stealth).
   276 | D:1      | Reached skill level 3 in Axes
   472 | D:1      | Reached XP level 3. HP: 23/23 MP: 3/3
   750 | D:1      | 750 ||| UPGRADING to +0 pair of boots.
   755 | D:1      | 755 ||| READING 3 scrolls labelled QAESOE TOAM.
   756 | D:1      | 756 ||| READING scroll labelled YSCHO DESOTS.
   757 | D:1      | 757 ||| READING 2 scrolls of identify.
   757 | D:1      | 757 ||| IDENTIFYING lumpy cyan potion
   886 | D:2      | Noticed Jessica
   897 | D:2      | Killed Jessica
  1005 | D:2      | Reached XP level 4. HP: 28/28 MP: 4/4
  1094 | D:2      | Found a runed translucent door.
  1095 | D:2      | Noticed Crazy Yiuf
  1279 | D:2      | 1279 ||| Stepping ~*~*~tactically~*~*~ (stealth).
  1455 | D:2      | 1455 ||| Stepping ~*~*~tactically~*~*~ (stealth).
  1805 | D:2      | 1805 ||| READING scroll labelled SATOYN KAODIZA.
  1849 | D:3      | Noticed Natasha
  1855 | D:3      | Killed Natasha
  1856 | D:3      | Reached skill level 4 in Axes
  1899 | D:3      | Noticed Natasha
  1900 | D:3      | 1900 ||| Stepping ~*~*~tactically~*~*~ (stealth).
  1912 | D:3      | Killed Natasha
  1947 | D:3      | 1947 ||| DROPPING +0 whip.
  1959 | D:3      | Noticed Natasha
  1966 | D:3      | Killed Natasha
  1967 | D:3      | Reached XP level 5. HP: 24/32 MP: 5/5
  1992 | D:3      | 1992 ||| Stepping ~*~*~tactically~*~*~ (stealth).
  1993 | D:3      | 1993 ||| Stepping ~*~*~tactically~*~*~ (stealth).
  2019 | D:3      | Found an opulent altar of Gozag.
  2205 | D:3      | 2205 ||| Stepping ~*~*~tactically~*~*~ (hiding).
  2321 | D:3      | 2321 ||| UPGRADING to +0 chain mail.
  2331 | D:3      | 2331 ||| DROPPING +0 scale mail.
  2332 | D:3      | 2332 ||| UPGRADING to scarf of resistance.
  2337 | D:3      | 2337 ||| UPGRADING to +0 plate armour.
  2347 | D:3      | 2347 ||| DROPPING +0 chain mail.
  2348 | D:3      | 2348 ||| READING scroll labelled HAMUGE XILAFI.
  2351 | D:3      | 2351 ||| DRINKING 2 lumpy emerald potions.
  2352 | D:3      | 2352 ||| DRINKING 2 metallic grey potions.
  2379 | D:4      | Noticed Grinder
  2380 | D:4      | Noticed an ogre
  2382 | D:4      | Paralysed by Grinder for 3 turns
  2385 | D:4      | HP: 5/32 [ogre/+0 giant club (14)]
  2386 | D:4      | 2386 ||| DRINKING potion of heal wounds.
  2388 | D:4      | Slain by an ogre

Levels and vault maps discovered:
D:1:      tarquinn_simple_flora_water_d, layout_basic
D:2:      layout_loops_corners, grunt_ministairs_1, uniq_crazy_yiuf_cottage,
          uniq_jessica
D:3:      layout_rooms, grunt_gozag_statues, uniq_natasha
D:4:      layout_basic, minmay_temple_entry_antechambers, serial_shops, shop,
          minmay_door_square, uniq_grinder, uniq_ijyb

Skill      XL: |  1  2  3  4 |
---------------+-------------+-----
Axes           | 2 3 4 |  4.8
Fighting       | |  3.2
Armour         | |  3.2
Shields        | |  3.2

Action                     |  1- 3 |  4- 6 || total
---------------------------+-------+-------++-------
  Melee: War axe           |    69 |    59 ||   128
    Use: Scroll            |     3 |     2 ||     5
         Potion            |       |     3 ||     3
 Armour: Scale mail        |    43 |    15 ||    58
         Plate armour      |       |     9 ||     9
  Dodge: Dodged            |    38 |    19 ||    57
  Block: Buckler           |    16 |     9 ||    25

Table legend:
 A = Non-vault XP
 B = Vault XP
 C = Vault XP percentage of total XP
 D = Non-vault monster count
 E = Vault monster count
 F = Vault count percentage of total count
                 A         B        C        D         E       F
            +---------+---------+-------+---------+---------+-------
      Total |     128 |      74 |  36.6 |      39 |       4 |   9.3
            +---------+---------+-------+---------+---------+-------
        D:1 |      37 |       0 |   0.0 |      22 |       0 |   0.0
        D:2 |      15 |      39 |  72.2 |       9 |       3 |  25.0
        D:3 |      73 |      35 |  32.4 |       6 |       1 |  14.3
        D:4 |       3 |       0 |   0.0 |       2 |       0 |   0.0
            +---------+---------+-------+---------+---------+-------
